 Dungeon Crawl Stone Soup version 0.26.0-15-gc6cd9f7 (webtiles) character file.

Game seed: 13425667011309005353

88 bonscott the Grasshopper (level 4, -2/33 HPs)
             Began as a Vampire Warper on Jan 24, 2021.
             Slain by an orc wizard
             ... wielding a +0 dagger
              (5 damage)
             ... on level 2 of the Dungeon.
             The game lasted 00:04:55 (1961 turns).

bonscott the Grasshopper (Vampire Warper)           Turns: 1961, Time: 00:04:55

Health: -2/33      AC:  3    Str: 11    XL:     4   Next: 29%
Magic:  7/7        EV: 12    Int: 15    God:
Gold:   156        SH:  0    Dex: 13    Spells: 7/7 levels left

rFire    . . .     SeeInvis +   a - +0 falchion
rCold    . . .     Faith    .   (no shield)
rNeg     . . .     Spirit   .   b - +0 leather armour
rPois    .         Reflect  .   (no helmet)
rElec    .         Harm     .   (no cloak)
rCorr    .         Rampage  .   (no gloves)
Will     .....                  (no boots)
Stlth    ++........             (no amulet)
HPRegen  0.31/turn              (no ring)
MPRegen  0.10/turn              (no ring)

@: regenerating quickly
A: fangs 3, see invisible, unbreathing
a: Exsanguinate


You were on level 2 of the Dungeon.
You visited 1 branch of the dungeon, and saw 3 of its levels.

You collected 156 gold pieces.

Inventory:

Hand Weapons
 a - a +0 falchion (weapon)
 m - a +2 dagger of venom
Missiles
 e - 4 boomerangs of dispersal (quivered)
 g - 12 bolts
 i - 28 arrows
 j - 6 boomerangs
 F - 60 stones
Armour
 b - a +0 leather armour (worn)
Jewellery
 f - an uncursed ring of protection from fire {unknown}
Scrolls
 c - 2 scrolls of teleportation
 d - a scroll of blinking
 h - a scroll of amnesia
 k - a scroll of identify {unknown}
 n - a scroll of enchant armour {unknown}
Potions
 l - a potion of curing {unknown}
 o - a potion of brilliance {unknown}
 p - 2 potions of haste {unknown}


   Skills:
 + Level 2.2 Fighting
 + Level 2.4 Long Blades
 + Level 1.4 Throwing
 + Level 1.4 Armour
 + Level 2.6 Dodging
 + Level 1.7 Stealth
 + Level 2.3 Spellcasting
 + Level 2.6 Translocations


You had 7 spell levels left.
You didn't know any spells.
Your spell library contained the following spells:

 Spells                   Type           Power        Failure   Level
 Blink                    Tloc           N/A          14%         2
 Gell's Gravitas          Tloc           4%           28%         3
 Lesser Beckoning         Tloc           4%           28%         3
 Teleport Other           Tloc           9%           28%         3
 Passage of Golubria      Tloc           N/A          67%         4


Dungeon Overview and Level Annotations

Branches:
Dungeon (3/15)

Altars:
Cheibriados

Annotations:
D:3 1 runed translucent door, Skilfsilihog's ghost, amateur GnFi


Innate Abilities, Weirdness & Mutations

Your natural rate of healing is unusually fast.
You have razor-sharp teeth.
You have supernaturally acute eyesight. (SInv)
You can survive without breathing.


Message History

You barely miss the orc wizard.
The orc wizard is lightly wounded.
The orc wizard hits you but does no damage.
You hit the orc wizard but do no damage.
The orc wizard is lightly wounded.
The orc wizard casts a spell at you. The puff of flame hits you.
The orc wizard points at you and mumbles some strange words.
The puff of frost hits you.
* * * LOW HITPOINT WARNING * * *
Fire/throw which item? (* to show all) (? for menu, Esc to quit)
Throw: 5 boomerangs (disperse)
Press: ? - help, Shift-Dir - straight line, f - orc wizard
Aim: an orc wizard, wielding a +0 dagger and wearing a +0 robe (lightly wounded, fast)
You throw a boomerang of dispersal.
The boomerang of dispersal closely misses the orc wizard.
The orc wizard hits you with a +0 dagger.
* * * LOW HITPOINT WARNING * * *
The orc wizard hits you with a +0 dagger.
You die...

##.##########.####.#.
#.# #.....##......#.
#.###.....#########.
#...#........#.<..#.
###.#.....##.#.##.#.
#.#)....##.#.##.##
#.#.####...#.##...
#o#.######........
####@#.#.............
#......#.##..........
#....###.............
#....# #....#.##.....
#....# ##.....##^....
#....# ###.####.....
#....# #....#.....
#....# ####.#.....
#....# #.######


You could see an orc wizard (fast).

Vanquished Creatures
  3 adders
  2 oozes
  A worm (D:2)
  2 dart slugs
  2 leopard geckos
  2 orcs (D:3)
  2 giant cockroaches (D:2)
  6 goblins (D:1)
  5 hobgoblins
  4 jackals (D:1)
  A ball python (D:2)
  3 bats
  A kobold (D:2)
  8 rats
42 creatures vanquished.

Notes
Turn   | Place    | Note
-------+----------+-------------------------------------------
     0 | D:1      | bonscott the Vampire Warper began the quest for the Orb.
     0 | D:1      | Reached XP level 1. HP: 16/16 MP: 3/3
   185 | D:1      | Reached skill level 1 in Throwing
   185 | D:1      | Reached XP level 2. HP: 20/22 MP: 5/5
   399 | D:1      | Reached skill level 1 in Armour
   458 | D:1      | Reached skill level 1 in Stealth
   940 | D:2      | Reached XP level 3. HP: 25/27 MP: 6/6
  1782 | D:3      | Found a runed translucent door.
  1783 | D:3      | Noticed Skilfsilihog's ghost (amateur GnFi)
  1802 | D:3      | Reached XP level 4. HP: 27/33 MP: 7/7
  1844 | D:3      | Found a snail-covered altar of Cheibriados.
  1961 | D:2      | Slain by an orc wizard

Illustrated notes

Levels and vault maps discovered:
D:1:      minmay_arrival_stone_box, layout_basic
D:2:      layout_basic
D:3:      layout_rooms, cheibriados_altar_1, hellmonk_ghost_happy_afterlife,
          uniq_terence, uniq_grinder

Skill      XL: |  1  2 |
---------------+-------+-----
Throwing       | 1 |  1.4
Armour         | 1 |  1.4
Fighting       | 2 |  2.2
Stealth        | 1 |  1.7
Long Blades    | |  2.4
Dodging        | |  2.6
Spellcasting   | |  2.3
Translocations | |  2.6

Action                   |  1- 3 |  4- 6 || total
-------------------------+-------+-------++-------
Melee: Falchion          |   112 |    20 ||   132
       Bite              |    15 |     4 ||    19
Throw: Stone             |     8 |       ||     8
       Boomerang         |     7 |     1 ||     8
  Use: Scroll            |     2 |       ||     2
 Stab: Sleeping          |     1 |       ||     1
Armor: Leather armour    |    23 |     2 ||    25
Dodge: Dodged            |    68 |    20 ||    88
       Rpst.: Falchion   |    23 |     9 ||    32
